 Dungeon Crawl Stone Soup version 0.30-a0-242-g7bf8e6d787 (webtiles) character file.

Game seed: 18358844064368741612

137 Sobieck the Skirmisher (level 5, 0/24 (29) HPs)
             Began as a Deep Elf Hunter on Oct 11, 2022.
             Slain by a necrophage (1 damage)
             ... on level 4 of the Dungeon.
             The game lasted 00:04:23 (2218 turns).

Sobieck the Skirmisher (Deep Elf Hunter)            Turns: 2218, Time: 00:04:24

HP:   0/24 (29)     AC:  4    Str:  8    XL:     5   Next: 0%
MP:   7/7           EV: 12    Int: 14    God:
Gold: 152           SH:  0    Dex: 20    Spells: 4/4 levels left

rFire   . . .      SeeInvis .    e - +0 shortbow {bow}
rCold   . . .      Faith    .    (shield currently unavailable)
rNeg    . . .      Spirit   .    c - +0 leather armour
rPois   .          Reflect  .    (no helmet)
rElec   .          Harm     .    m - +0 cloak
rCorr   .          Rampage  .    (no gloves)
Will    .....                    (no boots)
Stlth   ++........               (no amulet)
HPRegen 0.24/turn                (no ring)
MPRegen 0.10/turn                (no ring)

@: heavily drained
A: no striking features
a: no special abilities


You were on level 4 of the Dungeon.
You visited 1 branch of the dungeon, and saw 4 of its levels.

You collected 152 gold pieces.


   Skills:
 - Level 1.5 Fighting
 + Level 8.4 Ranged Weapons
 - Level 2.4 Dodging
 - Level 1.2 Stealth


You had 4 spell levels left.
You didn't know any spells.
Your spell library contained the following spells:

 Spells                   Type           Power      Damage    Failure   Level
 Shock                    Conj/Air       0%         1d3       38%         1
 Static Discharge         Conj/Air       0%         2-2/arc   54%         2
 Hailstorm                Conj/Ice       0%         3d3       77%         3
 Inner Flame              Hex/Fire       0%         N/A       77%         3
 Vhi's Electric Charge    Tloc/Air       0%         N/A       77%         3
 Flame Wave               Conj/Fire      0%         2d4       99%         4
 Ice Form                 Ice/Tmut       0%         N/A       99%         4
 Sticky Flame             Conj/Fire      0%         2d3       99%         4
 Arcjolt                  Conj/Air       0%         1d10      100%        5
 Lightning Bolt           Conj/Air       0%         1d11      100%        5
 Simulacrum               Ice/Necr       0%         N/A       100%        6

Inventory:

Hand Weapons
 a - the +3 triple crossbow of Uncomfortable Rashes {venom, rC+ Str+3, crossbow}
   (You acquired it on level 3 of the Dungeon)

   Any ammunition fired from it poisons the flesh of those it strikes.
   Str:       It affects your strength (+3).
   rC:        It protects you from cold.
 d - a +1 vampiric short sword {short}
   (You found it on level 1 of the Dungeon)
 e - a +0 shortbow (weapon) {bow}
 n - a +2 mace of protection {mace}
   (You found it on level 1 of the Dungeon)
Missiles
 q - 11 stones {throwing}
 u - 6 javelins {throwing}
 D - 6 atropa-tipped darts {throwing}
 G - 3 boomerangs {throwing}
Armour
 c - a +0 leather armour (worn)
 g - a +0 ring mail of fire resistance
   (You found it on level 1 of the Dungeon)
 h - a +0 leather armour
   (You found it on level 4 of the Dungeon)
 i - a +0 leather armour
   (You found it on level 1 of the Dungeon)
 k - a +0 leather armour
   (You found it on level 1 of the Dungeon)
 m - a +0 cloak (worn)
   (You found it on level 1 of the Dungeon)
 r - a +0 ring mail
   (You found it on level 2 of the Dungeon)
 v - a +0 ring mail
   (You found it on level 3 of the Dungeon)
 x - a +0 plate armour
   (You found it on level 3 of the Dungeon)
 y - a +0 ring mail
   (You found it on level 3 of the Dungeon)
 z - a +0 scale mail
   (You found it on level 3 of the Dungeon)
 A - a +0 leather armour
   (You found it on level 3 of the Dungeon)
 B - a +0 plate armour
   (You found it on level 3 of the Dungeon)
 C - a +0 scale mail
   (You found it on level 3 of the Dungeon)
 E - a +0 robe
   (You found it on level 3 of the Dungeon)
 F - a +0 chain mail
   (You took it off an orc on level 3 of the Dungeon)
Wands
 f - a wand of roots (6)
   (You found it on level 4 of the Dungeon)
Scrolls
 b - 2 scrolls of immolation {!r!r}
 o - a scroll of silence {unknown}
 p - a scroll of summoning {unknown}
 s - 2 scrolls of teleportation {@r4}
 w - a scroll of butterflies {unknown}
Potions
 t - a potion of lignification {!q}
 H - a potion of heal wounds {unknown}

Dungeon Overview and Level Annotations

Branches:
Dungeon (4/15) Zot: 21737
 Temple: D:4-7

Altars:
Vehumet
Zin

...*#...#,,#....##..,..#.#,*,,,,,
##..#...####...##...,..#.#**,,,,,
##..#.....###..#...##....#*,,,*,*
##..#......##......#.....,,,*****
#...........#..........#,,,,*
...#)......##h.#.......#,,,**
..##.......h...##.....##*,**
...#...†...##h##.......#***
...#..h.#..##.h#@.#...##
g..)...###..#hhn###..##
.....)....#.#.### ##.#
..............########
#.#............#..##
###................#
**#...............##
,,#.<............##
,,..#.........####


You could see a necrophage and 2 jackals.


Message History

Unknown command.
A quokka comes into view.
The jackal barely misses you.
Unknown command.
Fire: a) +3 triple crossbow of Uncomfortable Rashes {venom, rC+ Str+3, crossbow}
Press: ? - help, Q - select action, (/) - cycle Shift-Dir - straight line, f/p - jackal
Aim: a jackal (59% to hit)
You shoot a bolt. The bolt hits the jackal.
You kill the jackal!
Fire: a) +3 triple crossbow of Uncomfortable Rashes {venom, rC+ Str+3, crossbow}
Press: ? - help, Q - select action, (/) - cycle Shift-Dir - straight line, f - quokka
Aim: a quokka (56% to hit)
You shoot a bolt. The bolt misses the quokka.
A jackal comes into view. x2
The jackal moves out of view.
Unknown command.
As you read the scroll of teleportation {@r4}, it crumbles to dust.
You feel strangely unstable.
The jackal barks!
The quokka bites you but does no damage.
Okay, then.
Unknown command.
The quokka barely misses you.
Unknown command.
The quokka twitches its whiskers.
Your surroundings suddenly seem different.
Unknown command.
You start resting.
Unknown command.
Unknown command.
Unknown command.
No target in view!
Found a stone staircase leading up.
Unknown command.
A goblin is nearby!
Danger!
You shoot a bolt. The goblin shouts!
The bolt hits the goblin!
You kill the goblin!
You hear a bark!
A necrophage comes into view.
You shoot a bolt. The bolt hits the necrophage!
You shoot a bolt. The bolt closely misses the necrophage.
You shoot a bolt. The bolt closely misses the necrophage.
The jackal barks!
The necrophage misses you.
The necrophage hits you but does no damage.
Unknown command.
The jackal attacks as you move away! The jackal bites you.
The necrophage barely misses you.
The jackal bites you but does no damage.
The necrophage attacks as you move away!
The necrophage closely misses you. The jackal attacks as you move away!
The jackal bites you but does no damage.
The jackal barks!
You hear a bark!
The jackal bites you but does no damage.
Unknown command.
You shoot a bolt. The bolt hits the jackal!!
You kill the jackal!
You hear a bark!
A jackal comes into view. x2
The necrophage hits you.
You feel drained.
You hear a shout!
You have reached level 5!
The necrophage attacks as you move away!
The necrophage hits you.
You feel drained.
Unknown command.
You shoot a bolt.
The bolt hits the necrophage but does no damage.
The necrophage hits you. The necrophage hits you!
* * * LOW HITPOINT WARNING * * *
You feel drained.
* * * LOW HITPOINT WARNING * * *
Fire: a) +3 triple crossbow of Uncomfortable Rashes {venom, rC+ Str+3, crossbow}
Press: ? - help, Q - select action, (/) - cycle Shift-Dir - straight line, f/p - necrophage
Aim: a necrophage (moderately damaged, 65% to hit)
You shoot a bolt.
The bolt completely misses the necrophage.
The necrophage hits you.
* * * LOW HITPOINT WARNING * * *
You feel drained.
* * * LOW HITPOINT WARNING * * *
The necrophage misses you.
The +3 triple crossbow of Uncomfortable Rashes {venom, rC+ Str+3, crossbow} stops dripping with poison.
You are now empty-handed.
Unknown command.
e - a +0 shortbow (weapon)
{bow} The necrophage hits you but does no damage.
Fire: e) +0 shortbow {bow}
Press: ? - help, Q - select action, (/) - cycle Shift-Dir - straight line, f/p - necrophage
Aim: a necrophage (moderately damaged, 66% to hit)
You shoot an arrow.
The arrow closely misses the necrophage.
The necrophage hits you.
* * * LOW HITPOINT WARNING * * *
You feel drained.
You die...

Skill      XL: |  1  2  3  4 |
---------------+-------------+-----
Ranged Weapons | 6 7 8 |  8.4
Fighting       | |  1.5
Dodging        | |  2.4
Stealth        | |  1.2

Action                   |  1- 3 |  4- 6 || total
-------------------------+-------+-------++-------
 Fire: Shortbow          |   107 |    21 ||   128
       Triple crossbow   |       |    18 ||    18
  Use: Scroll            |       |     7 ||     7
Armor: Leather armour    |    11 |     7 ||    18
Dodge: Dodged            |    34 |    19 ||    53

Levels and vault maps discovered:
D:1:      eino_arrival_druids_welcome, layout_loops_ring,
          shapermc_ecumenical_altar_rom_forum, feat_on_display
D:2:      minmay_wonky_spiral, layout_basic, basic_altar
D:3:      layout_basic, zin_angel, grunt_ministairs_14
D:4:      layout_cave_pools

Notes
Turn   | Place    | Note
-------+----------+-------------------------------------------
     0 | D:1      | Sobieck the Deep Elf Hunter began the quest for the Orb.
     0 | D:1      | Reached XP level 1. HP: 12/12 MP: 3/3
     2 | D:1      | You pick up a book of Flames and begin reading...
     2 | D:1      | You add the spells Inner Flame, Sticky Flame and Flame Wave
                  | to your library.
   172 | D:1      | Found a faded altar of an unknown god.
   187 | D:1      | Got Plato's Secrets of the Zephyr
   223 | D:1      | Reached XP level 2. HP: 16/16 MP: 4/4
   318 | D:1      | Reached skill level 6 in Ranged Weapons
   839 | D:2      | Found a radiant altar of Vehumet.
  1010 | D:2      | Reached XP level 3. HP: 20/20 MP: 5/5
  1353 | D:3      | Reached skill level 7 in Ranged Weapons
  1680 | D:3      | Reached XP level 4. HP: 23/25 MP: 6/6
  1741 | D:3      | Found a glowing silver altar of Zin.
  1741 | D:3      | Noticed an angel
  1920 | D:3      | Reached skill level 8 in Ranged Weapons
  1929 | D:3      | Identified a scroll of acquirement
  1929 | D:3      | Acquired the +3 triple crossbow of Uncomfortable Rashes
                  | {venom, rC+ Str+3}
  1948 | D:4      | You pick up a book of the Tundra and begin reading...
  1948 | D:4      | You add the spells Hailstorm, Ice Form and Simulacrum to
                  | your library.
  2011 | D:4      | You pick up a book of Lightning and begin reading...
  2011 | D:4      | You add the spells Static Discharge, Vhi's Electric Charge,
                  | Lightning Bolt and Arcjolt to your library.
  2200 | D:4      | Noticed a necrophage
  2210 | D:4      | Reached XP level 5. HP: 25/28 MP: 7/7
  2215 | D:4      | HP: 6/26 [necrophage (3)]
  2218 | D:4      | HP: 1/25 [necrophage (4)]
  2218 | D:4      | Slain by a necrophage

Vanquished Creatures
  A hound (D:3)
  3 adders
  2 dart slugs
  7 orcs (D:3)
  4 bats (D:3)
  8 endoplasms
  A giant cockroach (D:1)
  6 goblins
  6 hobgoblins (D:3)
  10 jackals
  2 quokkas (D:4)
  8 ball pythons
  A frilled lizard (D:1)
  A kobold (D:4)
  2 rats
62 creatures vanquished.

Table legend:
 A = Non-vault XP
 B = Vault XP
 C = Vault XP percentage of total XP
 D = Non-vault monster count
 E = Vault monster count
 F = Vault count percentage of total count
                 A         B        C        D         E       F
            +---------+---------+-------+---------+---------+-------
      Total |     186 |      10 |   5.1 |      56 |       6 |   9.7
            +---------+---------+-------+---------+---------+-------
        D:1 |      23 |       0 |   0.0 |      12 |       0 |   0.0
        D:2 |      24 |       6 |  20.0 |       8 |       4 |  33.3
        D:3 |     112 |       4 |   3.4 |      27 |       2 |   6.9
        D:4 |      27 |       0 |   0.0 |       9 |       0 |   0.0
            +---------+---------+-------+---------+---------+-------

Illustrated notes

Table legend:
 A = Kills in this place as a percentage of kills in entire the game.
 B = Kills by you in this place as a percentage of kills by you in the entire game.
 C = Kills by friends in this place as a percentage of kills by friends in the entire game.
 D = Other kills in this place as a percentage of other kills in the entire game.
 E = Experience gained in this place as a percentage of experience gained in the entire game.
 F = Experience gained in this place divided by the number of levels of this place that you have seen.
                   A       B       C       D       E      F
               +-------+-------+-------+-------+-------+----------------------
         Total | 100.0 | 100.0 |   N/A |   N/A | 100.0 |  49.0
       Dungeon | 100.0 | 100.0 |   N/A |   N/A | 100.0 |  49.0
               +-------+-------+-------+-------+-------+----------------------

Table legend: (Time is in decaauts)
 A = Elapsed time spent in this place.
 B = Non-inter-level travel time spent in this place.
 C = Inter-level travel time spent in this place.
 D = Time resting spent in this place.
 E = Time spent auto-exploring this place.
 F = Levels seen in this place.
 G = Mean time per level.
                   A        B        C        D        E       F      G
               +--------+--------+--------+--------+--------+-----+--------+
         Total |   2261 |   2166 |     95 |    102 |   1710 |   4 |  565.2 |
       Dungeon |   2261 |   2166 |     95 |    102 |   1710 |   4 |  565.2 |
               +--------+--------+--------+--------+--------+-----+--------+

Top non-repeatable levels by time:
     D:3: 707 daAuts
     D:1: 651 daAuts
     D:2: 591 daAuts
     D:4: 310 daAuts
